Map: Estaleiro Orbital

Players

Master - Winner!

  • Race: Protoss Protoss
  • League: Master

jomare

  • Race: Protoss Protoss
  • League: Master

VOD

Have the link to the VOD?

Description

Time

  • Played on: March 5, 2016, 1:49 p.m.
  • Length: 14:31
Show
View Real Time Build Order
Export as new Build Order

Master Protoss - Winner!

Build Orders: Phoenix Opening 

Get SALT Encoding   

  12  0:01  Probe (Chrono Boost)  
  13  0:11  Probe (Chrono Boost)  
  14  0:19  Pylon  
  14  0:22  Probe (Chrono Boost)  
  15  0:37  Probe (Chrono Boost)  
  15  0:41  Gateway  
  16  0:47  Probe (Chrono Boost)  
  17  0:50  Assimilator  
  17  0:52  Assimilator  
  17  0:58  Probe (Chrono Boost)  
  18  1:08  Probe (Chrono Boost)  
  18  1:10  Gateway  
  19  1:19  Probe (Chrono Boost)  
  20  1:29  Probe (Chrono Boost)  
  20  1:31  Cybernetics Core  
  21  1:40  Probe (Chrono Boost)  
  21  1:41  Pylon  
  22  1:51  Probe (Chrono Boost)  
  23  2:07  Stalker x2, Warp Gate (Chrono Boost)  
  27  2:21  Stargate  
  27  2:35  Pylon  
  27  2:36  Mothership Core  
  29  2:53  Nexus  
  29  3:04  Phoenix (Chrono Boost)  
  31  3:13  Pylon  
  31  3:18  Stalker  
  33  3:27  Stalker  
  35  3:37  Phoenix (Chrono Boost)  
  37  3:44  Probe  
  38  3:53  Robotics Facility  
  38  4:04  Probe  
  38  4:05  Probe  
  40  4:14  Probe  
  41  4:17  Probe  
  42  4:25  Probe  
  42  4:26  Phoenix (Chrono Boost)  
  42  4:29  Probe  
  46  4:35  Probe  
  47  4:40  Observer (Chrono Boost)  
  47  4:41  Probe  
  49  4:45  Gateway  
  49  4:46  Probe  
  50  4:54  Probe  
  50  4:56  Probe  
  52  5:01  Immortal (Chrono Boost)  
  52  5:06  Probe  
  57  5:07  Probe  
  57  5:09  Twilight Council  
  57  5:12  Pylon  
  58  5:18  Probe x2  
  60  5:29  Nexus  
  60  5:31  Probe x2  
  62  5:43  Immortal (Chrono Boost)  
  62  5:45  Probe  
  62  5:49  Pylon  
  68  5:53  Assimilator  
  68  5:54  Blink (Chrono Boost)  
  67  5:59  Probe, Assimilator  
  67  6:00  Probe  
  69  6:06  Pylon  
  69  6:13  Probe  
  69  6:16  Probe  
  71  6:20  Immortal (Chrono Boost)  
  75  6:31  Stalker x3  
  81  6:32  Probe  
  81  6:34  Probe  
  81  6:39  Probe  
  83  6:43  Probe  
  83  6:46  Probe  
  86  6:49  Gateway  
  86  6:50  Probe  
  86  6:53  Probe, Gateway  
  87  6:58  Probe  
  87  7:00  Robotics Bay  
  89  7:11  Stalker x3  
  89  7:12  Probe x2  
  89  7:13  Probe  
  98  7:21  Pylon  
  98  7:22  Probe  
  98  7:23  Probe, Pylon  
  98  7:25  Probe  
  101  7:30  Forge  
  101  7:31  Gateway  
  101  7:33  Pylon  
  101  7:35  Probe x2  
  101  7:39  Probe  
  101  7:41  Assimilator  
  101  7:42  Assimilator  
  102  7:45  Probe  
  102  7:50  Probe, Stalker x3  
  109  7:51  Probe  
  109  7:53  Disruptor (Chrono Boost)  
  109  7:56  Probe  
  115  8:02  Photon Cannon  
  115  8:05  Photon Cannon  
  115  8:08  Photon Cannon  
  115  8:11  Protoss Ground Weapons Level 1 (Chrono Boost)  
  115  8:17  Stalker x2  
  119  8:21  Pylon  
  119  8:22  Disruptor  
  119  8:23  Pylon  
  119  8:24  Stalker  
  122  8:41  Stalker x4  
  124  8:48  Gateway  
  130  8:49  Gateway  
  130  8:58  Disruptor  
  130  9:02  Nexus, Pylon  
  130  9:09  Stalker x3  
  139  9:13  Pylon  
  139  9:16  Templar Archives  
  137  9:24  Gateway  
  137  9:27  Stalker x2  
  137  9:28  Stalker  
  143  9:38  Photon Cannon  
  143  9:40  Stalker x2  
  143  9:42  Stalker  
  149  9:47  Stalker  
  149  9:48  Observer, Stalker  
  154  10:00  High Templar  
  154  10:03  Pylon  
  154  10:04  Pylon  
  154  10:06  Gateway  
  156  10:08  Gateway  
  156  10:09  Dark Shrine  
  156  10:14  High Templar  
  156  10:15  Stalker x2  
  156  10:18  Archon  
  162  10:25  Protoss Ground Weapons Level 2 (Chrono Boost)  
  162  10:28  Disruptor  
  165  10:39  Stalker x2  
  165  10:40  Stalker x3  
  175  10:43  Stalker  
  175  10:47  Stalker  
  177  10:54  Assimilator  
  177  10:57  Assimilator  
  177  10:59  Warp Prism  
  177  11:02  Stalker x2  
  177  11:03  Stalker x2  
  187  11:44  Pylon  
  187  11:45  Pylon  
  187  11:48  Pylon  
  155  12:13  Disruptor  
  155  12:14  Stalker x2  
  155  12:15  Stalker x5  
  155  12:17  Stalker x3  
  155  12:18  Probe x2  
  155  12:20  Probe x2  
  168  12:28  Gateway  
  168  12:29  Probe x2, Gateway  
  168  12:32  Probe x2  
  168  12:35  Gateway  
  172  12:45  Stalker x3, Nexus  
  172  12:46  Stalker x4  
  172  12:47  Stalker x2, Pylon  
  172  12:50  Assimilator  
  190  12:56  Assimilator  
  190  13:17  Zealot x3  
  190  13:18  Zealot x2  
  180  13:48  Zealot x3, Disruptor  
  176  13:49  Zealot x4  
  176  13:50  Zealot x2  
  169  14:15  Zealot x2  
  169  14:16  Zealot x4, Dark Templar x3  
  169  14:17  Zealot  
Show
View Real Time Build Order
Export as new Build Order

jomare Protoss 

Build Orders: Blink Stalkers 

Get SALT Encoding   

  12  0:03  Probe (Chrono Boost)  
  13  0:13  Probe (Chrono Boost)  
  14  0:18  Pylon  
  14  0:24  Probe (Chrono Boost)  
  15  0:37  Probe (Chrono Boost)  
  15  0:39  Gateway  
  16  0:46  Assimilator  
  16  0:47  Probe (Chrono Boost)  
  17  0:58  Probe (Chrono Boost)  
  18  1:08  Probe (Chrono Boost)  
  19  1:19  Probe (Chrono Boost)  
  20  1:26  Gateway  
  20  1:29  Cybernetics Core  
  20  1:33  Assimilator  
  21  1:40  Probe (Chrono Boost)  
  21  1:44  Pylon  
  21  1:51  Probe (Chrono Boost)  
  22  2:02  Probe (Chrono Boost)  
  22  2:05  Stalker  
  22  2:08  Warp Gate (Chrono Boost)  
  25  2:12  Probe (Chrono Boost)  
  25  2:13  Adept  
  28  2:24  Probe  
  28  2:25  Pylon  
  29  2:35  Stalker  
  31  2:43  Probe, Stalker  
  34  2:52  Twilight Council  
  34  2:55  Probe  
  35  3:07  Probe  
  36  3:14  Nexus  
  36  3:22  Probe  
  36  3:24  Stalker  
  39  3:33  Blink (Chrono Boost)  
  39  3:46  Pylon  
  39  3:57  Robotics Facility  
  39  4:04  Mothership Core  
  39  4:05  Stalker  
  43  4:15  Stalker  
  45  4:25  Probe  
  45  4:29  Probe  
  47  4:38  Probe, Stalker  
  48  4:39  Probe  
  51  4:46  Pylon  
  51  4:47  Observer  
  51  4:50  Probe x2  
  53  5:00  Probe  
  53  5:02  Probe  
  53  5:03  Stalker  
  53  5:04  Stalker  
  59  5:11  Probe  
  61  5:14  Probe  
  61  5:21  Probe  
  61  5:26  Probe  
  62  5:32  Probe  
  63  5:38  Nexus  
  63  5:40  Pylon  
  63  5:46  Stalker x2  
  63  5:47  Probe  
  63  5:49  Probe  
  68  5:50  Pylon  
  68  5:54  Assimilator  
  69  5:59  Probe, Assimilator  
  69  6:00  Probe  
  69  6:02  Immortal  
  75  6:10  Probe, Charge (Chrono Boost)  
  75  6:11  Probe  
  77  6:21  Probe  
  77  6:23  Probe  
  79  6:31  Probe  
  77  6:35  Probe, Stalker  
  77  6:37  Stalker  
  83  6:42  Probe  
  84  6:48  Mothership Core  
  84  6:52  Probe  
  86  6:55  Forge  
  86  6:58  Gateway  
  86  6:59  Gateway  
  86  7:02  Gateway  
  86  7:03  Probe x2  
  88  7:09  Probe  
  88  7:13  Probe  
  88  7:14  Probe  
  90  7:20  Immortal  
  90  7:21  Probe  
  95  7:24  Gateway  
  95  7:25  Protoss Ground Weapons Level 1 (Chrono Boost)  
  95  7:27  Gateway  
  95  7:29  Gateway  
  95  7:31  Stalker  
  95  7:32  Stalker  
  95  7:35  Probe  
  95  7:36  Photon Cannon  
  100  7:44  Photon Cannon  
  100  7:48  Probe (Chrono Boost)  
  101  7:55  Pylon  
  101  7:57  Pylon  
  101  8:02  Templar Archives  
  101  8:07  Photon Cannon  
  101  8:12  Probe (Chrono Boost)  
  101  8:13  Probe (Chrono Boost)  
  101  8:14  Probe (Chrono Boost)  
  101  8:17  Immortal (Chrono Boost)  
  108  8:22  Probe  
  108  8:24  Probe  
  108  8:25  Probe  
  108  8:26  Assimilator  
  111  8:31  Assimilator  
  111  8:32  Probe  
  111  8:37  Stalker x2  
  117  8:41  Probe  
  117  8:45  Pylon  
  117  8:47  Pylon  
  117  8:57  Robotics Bay  
  117  9:01  Robotics Facility  
  117  9:03  Probe x2  
  117  9:04  Observer (Chrono Boost)  
  117  9:07  Zealot x5  
  117  9:08  Zealot, Probe  
  132  9:10  Pylon  
  132  9:12  Pylon  
  132  9:14  Pylon  
  133  9:27  Nexus, Pylon  
  133  9:30  High Templar, Pylon x2  
  133  9:31  High Templar  
  137  9:33  Pylon  
  137  9:35  Archon  
  137  9:38  Pylon  
  137  9:40  High Templar x2  
  137  9:42  High Templar x2  
  137  9:43  Zealot  
  137  9:44  Zealot  
  149  9:46  Archon x2  
  149  9:47  Protoss Ground Weapons Level 2  
  149  9:50  Photon Cannon  
  149  9:52  Pylon  
  149  9:56  Photon Cannon  
  149  9:59  Disruptor x2 (Chrono Boost)  
  154  10:04  Probe  
  155  10:08  Photon Cannon  
  155  10:11  Photon Cannon  
  155  10:24  Assimilator  
  155  10:29  Assimilator  
  155  10:30  Disruptor (Chrono Boost)  
  155  10:31  Photon Cannon, Disruptor (Chrono Boost)  
  155  10:33  Stalker x3  
  166  10:44  Probe  
  167  10:53  Zealot x4  
  167  10:54  Zealot  
  177  10:57  Probe x2  
  177  10:58  Probe x2  
  177  11:01  Disruptor (Chrono Boost)  
  177  11:02  Disruptor (Chrono Boost)  
  173  11:27  Zealot x2  
  173  11:28  Zealot x6  
  183  11:42  Disruptor (Chrono Boost)  
  183  11:43  Disruptor (Chrono Boost)  
  138  12:19  Stalker x3  
  138  12:20  Stalker x5  
  154  12:36  Disruptor x2 (Chrono Boost)  
  160  12:41  Gateway  
  160  12:44  Stalker x2  
  160  12:45  Stalker x4  
  160  12:47  Gateway  
  160  12:49  Probe x2  
  160  12:50  Probe, Gateway  
  175  12:52  Gateway  
  175  13:01  Gateway  
  175  13:02  Probe  
  175  13:03  Gateway  
  175  13:05  Probe, Gateway  
  177  13:07  High Templar x3  
  177  13:08  High Templar x3  
  177  13:09  Gateway  
  177  13:11  Archon x2  
  177  13:12  Archon  
  186  13:25  Zealot x2  
  159  13:49  Stalker  
  159  13:50  Stalker x6  
  159  13:51  Stalker  
  155  14:05  Zealot x2  
  155  14:06  Zealot  
  114  14:19  Stalker x2  
  114  14:20  Stalker x5  
Tags
 
Add a new tag
Caveats
  • Supply blocks, unpowered buildings, or Contaminate may cause inaccurate times.
  • Supply counts are checked every 10 seconds.